AoeStats
← fabrycyo400

Arabia

508778499Analyzed
2v2 RM · 10d ago on Sep 24, 2026· 46m 24s· 4 players
Game mode
Random Map
Map size
Medium (4 player)
Population
200
Speed
Normal
Resources
Standard
Victory
Conquest
Starting age
Dark Age
Ending age
Imperial Age
RankedLock teamsTeams togetherTeam positionsShared explorationLock speedFull tech treeHidden civsTurbo modeCheats
Victory
Defeat
🇮🇹 Goths · Italy
647
+14
🇮🇹 Turks · Italy
591
+16
🇧🇷 Goths · Brazil
623
-16
🇮🇹 Turks · Italy
572
-14
fabrycyo400
10:16 Feudal Age
12:08 Double-Bit Axe
14:15 Wheelbarrow
20:24 Castle Age
22:12 Bow Saw
26:45 Hand Cart
29:49 Stone Mining
29:53 Gold Mining
35:46 Stone Shaft Mining
39:32 Imperial Age
40:17 Elite Huskarl
40:58 Anarchy
40:59 Perfusion
41:28 Forging
41:19 Scale Mail Armor
41:24 Scale Barding Armor
41:20 Padded Archer Armor
41:10 Fletching
43:36 Squires
44:42 Chain Barding Armor
44:37 Chain Mail Armor
44:58 Iron Casting
44:18 Bodkin Arrow
44:39 Leather Archer Armor
bs-32
12:46 Feudal Age
17:11 Double-Bit Axe
17:12 Horse Collar
21:01 Castle Age
18:54 Man-at-Arms
22:16 Heavy Plow
22:59 Crossbowman
26:00 Stone Mining
26:01 Gold Mining
27:26 Bow Saw
30:40 Husbandry
40:31 Gold Shaft Mining
marcobusca96
3:34 Loom
14:47 Feudal Age
16:45 Gold Mining
16:43 Double-Bit Axe
16:41 Horse Collar
23:09 Castle Age
21:25 Scale Mail Armor
21:47 Stone Mining
22:12 Forging
24:26 Chain Mail Armor
24:47 Iron Casting
24:19 Caravan
33:32 Bow Saw
33:59 Stone Shaft Mining
33:32 Heavy Plow
37:52 Imperial Age
35:45 Anarchy
35:54 Pikeman
36:36 Squires
37:28 Coinage
37:40 Wheelbarrow
37:57 Town Watch
39:37 Blast Furnace
38:01 Elite Huskarl
38:42 Perfusion
39:03 Conscription
buscaleroy
3:15 Loom
13:11 Feudal Age
13:51 Double-Bit Axe
16:30 Horse Collar
22:15 Castle Age
22:42 Scale Barding Armor
24:54 Husbandry
25:06 Gold Mining
26:19 Wheelbarrow
26:00 Bow Saw
25:57 Heavy Plow
28:32 Chain Barding Armor
29:18 Hand Cart
35:08 Forging
40:04 Imperial Age
39:46 Ballistics
42:43 Two-Man Saw
43:17 Gold Shaft Mining
42:48 Elite Janissary
44:03 Masonry
45:19 Artillery
Connection lost

Rejoining the realm…

Still unreachable

The connection could not be restored.

Session expired

The server has moved on; the page needs a fresh start.